 Dungeon Crawl Stone Soup version 0.28-a0-655-g4eb62b627b (webtiles) character file.

Game seed: 3554722772850512224

119 ytrimaz the Chucker (level 5, -1/53 HPs)
             Began as an Ogre Hunter on Oct 12, 2021.
             Killed from afar by Sigmund (6 damage)
             ... with a magic dart
             ... on level 3 of the Dungeon.
             The game lasted 00:06:12 (4349 turns).

ytrimaz the Chucker (Ogre Hunter)                   Turns: 4349, Time: 00:06:13

Health: -1/53      AC:  3    Str: 17    XL:     5   Next: 3%
Magic:  5/5        EV:  9    Int: 12    God:
Gold:   20         SH:  0    Dex:  9    Spells: 4/4 levels left

rFire   . . .      SeeInvis .   a - +0 short sword
rCold   . . .      Faith    .   k - +0 tower shield
rNeg    . . .      Spirit   .   b - +0 robe
rPois   .          Reflect  .   (helmet restricted)
rElec   .          Harm     .   (no cloak)
rCorr   .          Rampage  .   (gloves unavailable)
Will    .....                   (boots unavailable)
Stlth   +.........              (no amulet)
HPRegen 0.17/turn               i - +4 ring of evasion
MPRegen 0.09/turn               (no ring)

@: confused
A: large, unfitting armour, tough skin 1
a: no special abilities


You were on level 3 of the Dungeon.
You visited 1 branch of the dungeon, and saw 3 of its levels.

You collected 20 gold pieces.

Inventory:

Hand Weapons
 a - a +0 short sword (weapon)
Missiles
 c - 2 large rocks (quivered)
Armour
 b - a +0 robe (worn)
 k - a +0 tower shield (worn)
Jewellery
 i - a +4 ring of evasion (left hand)
Scrolls
 g - a scroll of holy word {unknown}
 h - a scroll of amnesia
 l - a scroll of magic mapping {unknown}
Potions
 d - a potion of curing {unknown}
 e - a potion of cancellation
 f - a potion of brilliance
 j - a potion of ambrosia


   Skills:
 + Level 3.1 Fighting
 * Level 5.7 Throwing
 - Level 1.7 Dodging
 - Level 0.6 Stealth
 * Level 1.4 Shields


You had 4 spell levels left.
You didn't know any spells.
Your spell library contained the following spells:

 Spells                   Type           Power      Damage    Failure   Level
 Dazzling Flash           Conj/Hex       0%         N/A       100%        3
 Agony                    Necr           0%         N/A       100%        5
 Silence                  Hex/Air        0%         N/A       100%        5


Dungeon Overview and Level Annotations

Branches:
Dungeon (3/15)

Altars:

Annotations:
D:3 Sigmund


Innate Abilities, Weirdness & Mutations

You are too large for most types of armour.
You have tough skin. (AC +1)


Message History

Deactivating autopickup; reactivate with Ctrl-A.
You hear some strange, mumbled words.
Something tries to affect you, but you resist.
You hit something. Something hits you!
* * * LOW HITPOINT WARNING * * *
Unknown command.
You are confused.
You feel invigorated.
You hear some strange, mumbled words.
You are more confused.
Unknown command.
Your shield prevents you from hitting something.
You hear some strange, mumbled words.
A puff of flame appears from out of thin air!
The puff of flame hits you!
* * * LOW HITPOINT WARNING * * *
Unknown command.
You're too confused to move!
You hear some strange, mumbled words.
A magic dart appears from out of thin air!
The magic dart hits you!
* * * LOW HITPOINT WARNING * * *
Unknown command.
You completely miss something.
You feel less invigorated. Something hits you.
* * * LOW HITPOINT WARNING * * *
Unknown command.
Unknown command.
You hear some strange, mumbled words.
Something tries to affect you, but you resist.
Unknown command.
You hear a zap.
A puff of flame appears from out of thin air!
The puff of flame hits you.
* * * LOW HITPOINT WARNING * * *
You see here a rat corpse.
Unknown command.
Unknown command.
A magic dart appears from out of thin air!
The magic dart hits you.
You die...

#.#.######..#####
#.#.# #......# #.#.#
#.####.#
#.#.######.#..#.#
#........#.#.†..#
###.####.#.##.#.# #.#
#.#.#....# #.#
#.#.#..#.#.# #.#
#@.....#.#.# #.#
#.†....#.#.#
#.####......#.#.# ##
#.........{...#.# #.
#..####..#.(###.# #.
...........#.# #.
#.#########.##'### #.
.................# #.
#########........####.


There were no monsters in sight!

Vanquished Creatures
  A hound (D:2)
  4 adders (D:2)
  2 worms (D:2)
  A dart slug (D:3)
  4 ball pythons
  3 endoplasms
  5 giant cockroaches
  4 goblins
  A hobgoblin (D:1)
  2 quokkas
  5 bats
  4 frilled lizards
  4 kobolds
  9 rats
49 creatures vanquished.

Vanquished Creatures (others)
  2 plants (D:3)
2 creatures vanquished.

Grand Total: 51 creatures vanquished

Notes
Turn   | Place    | Note
-------+----------+-------------------------------------------
     0 | D:1      | ytrimaz the Ogre Hunter began the quest for the Orb.
     0 | D:1      | Reached XP level 1. HP: 22/22 MP: 1/1
   351 | D:1      | Reached XP level 2. HP: 29/29 MP: 2/2
  1355 | D:2      | Reached XP level 3. HP: 19/36 MP: 3/3
  1501 | D:2      | Reached skill level 5 in Throwing
  1681 | D:2      | Reached XP level 4. HP: 14/44 MP: 4/4
  2043 | D:2      | Reached skill level 1 in Shields
  3751 | D:3      | Noticed Sigmund
  4032 | D:3      | Reached XP level 5. HP: 31/53 MP: 5/5
  4349 | D:3      | Killed from afar by Sigmund

Illustrated notes

Levels and vault maps discovered:
D:1:      amcnicky_arrival_gap_in_the_tavern_cellar, layout_basic,
          due_unseen_surprise
D:2:      layout_basic, hangedman_decor_push, kennysheep_small_spiral
D:3:      layout_basic, serial_forest, infiniplex_forest_clump_double,
          infiniplex_forest_lined_2, infiniplex_forest_end_3,
          infiniplex_forest_clump_small, uniq_sigmund

Skill      XL: |  1  2  3  4 |
---------------+-------------+-----
Throwing       | 5 |  5.7
Shields        | 1 |  1.4
Fighting       | 3 |  3.1
Dodging        | |  1.7
Stealth        | |  0.6

Action                   |  1- 3 |  4- 6 || total
-------------------------+-------+-------++-------
Melee: Short sword       |    64 |   119 ||   183
       Unarmed           |       |    29 ||    29
Throw: Large rock        |    23 |    10 ||    33
       Throwing net      |     3 |     1 ||     4
  Use: Scroll            |     5 |     2 ||     7
       Potion            |       |     2 ||     2
 Stab: Sleeping          |     1 |       ||     1
Armor: Robe              |    25 |    37 ||    62
       Skin              |       |     6 ||     6
Dodge: Dodged            |    43 |    70 ||   113
Block: Tower shield      |    32 |    92 ||   124

Table legend: (Time is in decaauts)
 A = Elapsed time spent in this place.
 B = Non-inter-level travel time spent in this place.
 C = Inter-level travel time spent in this place.
 D = Time resting spent in this place.
 E = Time spent auto-exploring this place.
 F = Levels seen in this place.
 G = Mean time per level.
                   A        B        C        D        E       F      G
               +--------+--------+--------+--------+--------+-----+--------+
         Total |   4483 |   4288 |    195 |    933 |   2504 |   3 | 1494.3 |
       Dungeon |   4483 |   4288 |    195 |    933 |   2504 |   3 | 1494.3 |
               +--------+--------+--------+--------+--------+-----+--------+

Top non-repeatable levels by time:
     D:2: 2599 daAuts
     D:1: 1348 daAuts
     D:3: 535 daAuts
